AoeStats
← 小少少

Arabia

507576961Analyzed
1v1 RM · 13d ago on Sep 18, 2026· 47m 1s· 2 players
Game mode
Random Map
Map size
Tiny (2 player)
Population
200
Speed
Normal
Resources
Standard
Victory
Conquest
Starting age
Dark Age
Ending age
Imperial Age
RankedLock teamsTeams togetherTeam positionsShared explorationLock speedFull tech treeHidden civsTurbo modeCheats
Victory
Defeat
🇹🇼 Dravidians · Taiwan
2317
+17
🇺🇸 Ethiopians · United States
2348
-17
小少少
6:35 Loom
9:11 Feudal Age
13:33 Fletching
15:24 Padded Archer Armor
22:19 Castle Age
20:48 Gold Mining
20:38 Horse Collar
22:22 Elite Skirmisher
23:18 Leather Archer Armor
23:00 Bodkin Arrow
25:07 Ballistics
25:14 Scale Barding Armor
26:34 Town Watch
27:05 Double-Bit Axe
32:08 Wheelbarrow
38:58 Imperial Age
37:25 Hand Cart
37:07 Stone Mining
38:16 Husbandry
39:27 Thumb Ring
39:40 Bracer
40:42 Chemistry
40:02 Bow Saw
39:33 Horse Collar
41:05 Ring Archer Armor
44:08 Conscription
45:52 Two-Man Saw
44:52 Heavy Plow
46:27 Scale Mail Armor
46:28 Squires
46:37 Elite Elephant Archer
Scotty
7:21 Loom
10:13 Feudal Age
10:55 Double-Bit Axe
15:43 Fletching
16:28 Town Watch
21:28 Castle Age
19:57 Horse Collar
22:05 Bodkin Arrow
21:35 Elite Skirmisher
24:00 Bow Saw
26:29 Wheelbarrow
38:41 Imperial Age
36:30 Gold Mining
38:35 Scale Mail Armor
38:55 Forging
38:46 Squires
39:44 Chain Mail Armor
40:48 Iron Casting
40:19 Royal Heirs
41:14 Conscription
40:22 Elite Shotel Warrior
42:05 Plate Mail Armor
46:16 Heavy Plow
46:28 Bracer
47:25 Ballistics
47:50 Conscription
Connection lost

Rejoining the realm…

Still unreachable

The connection could not be restored.

Session expired

The server has moved on; the page needs a fresh start.